 Dungeon Crawl Stone Soup version 0.16.2-2-g470672f (webtiles) character file.

79 monobi the Grave Robber (level 4, -1/31 HPs)
             Began as a Demonspawn Necromancer on Sept 3, 2015.
             Slain by Sigmund
             ... wielding a +0 scythe
              (13 damage)
             ... on level 3 of the Dungeon.
             The game lasted 00:20:44 (4227 turns).

monobi the Grave Robber (Demonspawn Necromancer)    Turns: 4227, Time: 00:20:44

Health: -1/31      AC:  2    Str:  8    XL:     4   Next: 16%
Magic:  1/7        EV: 10    Int: 22    God:
Gold:   165        SH:  6    Dex: 14    Spells: 2 memorised, 3 levels left

rFire  + . .     SeeInvis .     f - +0 dagger
rCold  . . .     Clarity  .     a - +0 robe
rNeg   . . .     SustAb   +     n - +0 shield
rPois  .         Gourm    .     (helmet restricted)
rElec  .         Spirit   .     (no cloak)
rCorr  .         Warding  .     (no gloves)
rMut   .         Stasis   .     (no boots)
MR     .....                    (no amulet)
Stlth  +++.......               o - ring of sustain abilities
                                l - ring of stealth

@: brilliant, slowed, very slow, not resistant to hostile enchantments, fairly
stealthy
A: horns 1, fire resistance 1
a: no special abilities


You were on level 3 of the Dungeon.
You were not hungry.

You visited 1 branch of the dungeon, and saw 3 of its levels.

You collected 165 gold pieces.

Inventory:

Hand weapons
 d - a +0 club
 f - a +0 dagger (weapon)
 q - a cursed -1 hunting sling
Armour
 a - a +0 robe (worn)
 j - a +1 helmet
 n - a +0 shield (worn)
Jewellery
 l - a ring of stealth (left hand)
 o - a ring of sustain abilities (right hand)
Scrolls
 h - a scroll of immolation
Potions
 g - a potion of heal wounds {unknown}
Books
 b - a book of Necromancy

   Spells                             Type                      Level
   a - Pain                           Necromancy                   1
   b - Animate Skeleton               Necromancy                   1
   c - Vampiric Draining              Necromancy                   3
   d - Regeneration                   Charms/Necromancy            3
   e - Animate Dead                   Necromancy                   4
   f - Control Undead                 Necromancy                   4
Comestibles
 c - 3 bread rations


   Skills:
 * Level 0.8 Fighting
 + Level 0.3 Maces & Flails
 * Level 2.4 Dodging
 * Level 2.4 Stealth
 + Level 2.1 Spellcasting
 * Level 5.2 Necromancy


You had 3 spell levels left.
You knew the following spells:

 Your Spells              Type           Power        Failure   Level  Hunger
a - Pain                  Necr           ####         1%          1    #......
c - Vampiric Draining     Necr           #####.....   4%          3    ###....


Dungeon Overview and Level Annotations

Branches:
Dungeon (3/15)

Altars:
Zin

Annotations:
D:3 Sigmund


Innate Abilities, Weirdness & Mutations

You have a pair of small horns on your head.
Your flesh is heat resistant.


Message History

Nothing appears to happen.
Something hits you but does no damage.
Your magical contamination has completely faded away.
You hear a zap.
You feel as though you will be slow longer.
You hear some strange, mumbled words.
You are confused.
You bump into the rock wall.
You hear a zap.
You feel as though you will be slow longer.
You hear a zap.
Something tries to affect you, but you resist.
You bump into the rock wall.
Something hits you!
* * * LOW HITPOINT WARNING * * *
Drink which item? (? for menu, Esc to quit)
You feel better. Something hits you but does no damage.
Drink which item? (? for menu, Esc to quit)
It was a potion of brilliance.
You feel clever all of a sudden. Something hits you!
You die...

#.# #..# #.# #..#
#.# #..#
###.####### #..#
#####.........#
#..#
.......(.......#
#..#
.####.#.####..#
#..#
#.#.####..###
#..#
#.#.(.@.....####
#.. #
######$......#
#..#.##.# #..#.#
................o
####.##.##.####
......# #
###..... ######


There were no monsters in sight!

Vanquished Creatures
  3 adders (D:2)
  2 worms (D:2)
  An ooze (D:1)
  3 giant cockroaches
  8 hobgoblins
  2 ball pythons (D:1)
  5 bats
  A giant gecko (D:2)
  2 giant newts
  3 goblins
  3 kobolds
  A quokka (D:2)
  6 rats
  A toadstool (D:1)
41 creatures vanquished.

Vanquished Creatures (collateral kills)
  A kobold (D:1)
1 creature vanquished.

Vanquished Creatures (others)
  An adder skeleton (D:2)
  A bat skeleton (D:1)
  A hobgoblin skeleton (D:2)
  A rat skeleton (D:2)
  3 toadstools (D:1)
7 creatures vanquished.

Grand Total: 49 creatures vanquished

Notes
Turn   | Place    | Note
--------------------------------------------------------------
     0 | D:1      | monobi, the Demonspawn Necromancer, began the quest for the Orb.
     0 | D:1      | Reached XP level 1. HP: 13/13 MP: 3/3
     2 | D:1      | Learned a level 1 spell: Animate Skeleton
   750 | D:1      | Gained mutation: You have a pair of small horns on your head. [demonic ancestry]
   750 | D:1      | Reached XP level 2. HP: 20/20 MP: 2/4
  1418 | D:2      | Reached skill level 5 in Necromancy
  1418 | D:2      | Reached XP level 3. HP: 10/25 MP: 0/6
  1783 | D:2      | Found a glowing silver altar of Zin.
  2184 | D:2      | Learned a level 3 spell: Vampiric Draining
  3511 | D:2      | Gained mutation: Your flesh is heat resistant. [demonic ancestry]
  3511 | D:2      | Reached XP level 4. HP: 29/31 MP: 3/7
  4162 | D:3      | Noticed Sigmund
  4227 | D:3      | Slain by Sigmund

Action                   |  1- 3 |  4- 6 || total
-------------------------+-------+-------++-------
Melee: Unarmed           |     2 |       ||     2
       Club              |     2 |       ||     2
       Dagger            |    17 |    16 ||    33
Throw: Stone             |       |     1 ||     1
 Cast: Pain              |    60 |    22 ||    82
       Animate Skeleton  |     5 |     1 ||     6
  Use: Scroll            |     2 |     3 ||     5
       Potion            |     1 |     6 ||     7
  Eat: Beef jerky        |     1 |     1 ||     2
       Chunk             |     1 |     1 ||     2
       Meat ration       |     1 |       ||     1
       Pizza             |       |     1 ||     1
